 Dungeon Crawl Stone Soup version 0.31-a0-263-ge8cad7f256 (webtiles) character file.

Game seed: 9837035874411515357

1707377 cforsyth the Conqueror (level 27, 290/290 HPs)
             Began as an Ogre Shapeshifter on July 13, 2023.
             Was the Champion of Hepliaklqana.
             Escaped with the Orb
             ... and 3 runes!
             The game lasted 02:34:04 (68383 turns).

cforsyth the Conqueror (Ogre Shapeshifter)         Turns: 68383, Time: 02:34:05

Health: 290/290    AC: 23    Str: 36    XL:     27
Magic:  30/30      EV: 46    Int:  8    God:    Hepliaklqana [******]
Gold:   5245       SH:  0    Dex: 19    Spells: 26/26 levels left

rFire   . .          .
                       - Unarmed
rCold   + . .        (shield currently unavailable)
rNeg    . . .        U - melded +6 fire dragon scales of the Manifold Tusks {Rampage Fly rF++ rC-}
rPois   ∞            Z - melded +2 hat "Otimm" {+Blink rF+ rN+++ Int-3}
rElec   +            C - melded +1 cloak of Zaxkic {Dex+5}
rCorr   +            (gloves unavailable)
SInv    +            (boots unavailable)
Will    ++...        n - amulet of the acrobat
Stlth   +            G - ring of Uklaekep {rElec rCorr AC+4 SInv}
HPRegen 0.68/turn    M - ring of Dawn {rC+ Dex+6}
MPRegen 0.22/turn

%: acrobat
@: storm-form, flying, studying Conjurations
A: cleaving, insubstantial, flying, reduced essence, large, unfitting armour,
(tough skin 1), (antennae 1), (hooves 1), agile 1, (deformed body), low MP 1
0: Orb of Zot
}: 3/15 runes: decaying, serpentine, slimy
a: Blinkbolt, Begin Untransformation, Renounce Religion, Recall Ancestor,
Ancestor Identity, Transference, Idealise


You escaped.
You worshipped Hepliaklqana.
Hepliaklqana was exalted by your worship.
You were a lightning-filled tempest!
You visited 11 branches of the dungeon, and saw 54 of its levels.
You visited the Abyss 1 time.
You visited 2 bazaars.
You also visited: Bailey, Gauntlet, Wizlab and Desolation.

You collected 9699 gold pieces.
You spent 4454 gold pieces at shops.

Inventory:

Hand Weapons
 Y - the +1 halberd of Avokaeth {elec, rF+++ Str+8 Int-2 Dex-2}
   (You found it on level 5 of the Pits of Slime)

   Str:       It affects your strength (+8).
   Int:       It affects your intelligence (-2).
   Dex:       It affects your dexterity (-2).
   rF:        It renders you almost immune to fire.
Armour
 C - the +1 cloak of Zaxkic (melded) {Dex+5}
   (You found it in a Gauntlet)

   Dex:       It affects your dexterity (+5).
 U - the +6 fire dragon scales of the Manifold Tusks (melded) {Rampage Fly rF++ rC-}
   (You found it in the Desolation of Salt)

   rF:        It greatly protects you from fire.
   rC:        It makes you vulnerable to cold.
   Fly:       It grants you flight.
   Rampage:   It bestows one free step when moving towards enemies.
 Z - the +2 hat "Otimm" (melded) {+Blink rF+ rN+++ Int-3}
   (You found it on level 3 of the Lair of Beasts)

   Int:       It affects your intelligence (-3).
   rF:        It protects you from fire.
   rN:        It renders you almost immune to negative energy.
   +Blink:    It lets you blink.
Jewellery
 c - the amulet "Zinki" {RegenMP Fragile +Inv rPois Slay+4}
   (You found it on level 3 of the Depths)

   [amulet of magic regeneration]

   It increases your rate of magic regeneration.
   Slay:      It affects your accuracy & damage with ranged weapons and melee
   (+4).
   rPois:     It protects you from poison.
   +Inv:      It lets you turn invisible.
   Fragile:   It will be destroyed if unequipped.
 n - an amulet of the acrobat (around neck)
 w - an amulet of regeneration
 y - the amulet "Reliyrgh" {Spirit rElec}
   (You bought it in a shop in a bazaar)

   [amulet of guardian spirit]

   It causes incoming damage to be divided between your reserves of health and
   magic.
   rElec:     It insulates you from electricity.
 F - the ring "Faotsaeb" {Wiz rElec rPois rC+}
   (You found it on level 5 of the Pits of Slime)

   [ring of wizardry]

   It improves your spell success rate.
   rC:        It protects you from cold.
   rElec:     It insulates you from electricity.
   rPois:     It protects you from poison.
 G - the ring of Uklaekep (left fist) {rElec rCorr AC+4 SInv}
   (You bought it in a shop in a bazaar)

   [ring of protection]

   AC:        It affects your AC (+4).
   rElec:     It insulates you from electricity.
   SInv:      It lets you see invisible.
   rCorr:     It protects you from acid and corrosion.
 K - the ring "Sink" {*Slow rElec rPois rF++ MP+9}
   (You found it on level 3 of the Crypt)

   [ring of magical power]

   rF:        It greatly protects you from fire.
   rElec:     It insulates you from electricity.
   rPois:     It protects you from poison.
   MP:        It affects your magic capacity (+9).
   *Slow:     It may slow you when you take damage.
 M - the ring of Dawn (right fist) {rC+ Dex+6}
   (You found it on level 1 of the Orcish Mines)

   [ring of dexterity]

   Dex:       It affects your dexterity (+6).
   rC:        It protects you from cold.
Talismans
 d - a granite talisman
 i - a dragon-blood talisman
 L - a talisman of death
 V - a storm talisman
Wands
 f - a wand of paralysis (7)
 o - a wand of iceblast (58)
 t - a wand of digging (41)
 T - a wand of acid (50)
Scrolls
 b - 10 scrolls of enchant armour
 h - 14 scrolls of fear
 j - 3 scrolls of blinking
 k - 15 scrolls of teleportation
 l - 7 scrolls of poison
 m - 5 scrolls of immolation
 p - 6 scrolls of fog
 r - 13 scrolls of vulnerability
 u - 9 scrolls of brand weapon
 B - 6 scrolls of enchant weapon
 D - 3 scrolls of silence
 I - 4 scrolls of torment
 N - 3 scrolls of summoning
Potions
 a - 3 potions of invisibility
 e - 6 potions of might
 g - 4 potions of mutation
 v - 6 potions of brilliance
 z - 5 potions of berserk rage
 A - 17 potions of curing
 E - 4 potions of enlightenment
 J - 5 potions of lignification
 P - 3 potions of haste
 Q - 10 potions of heal wounds
 R - 9 potions of ambrosia
 S - 5 potions of attraction
 W - 7 potions of resistance
 X - 3 potions of magic
Miscellaneous
 H - a box of beasts
 O - a lightning rod (4/4)


   Skills:
 O Level 27 Fighting
 - Level 11.2 Armour
 + Level 17.0 Dodging
 + Level 24.2 Unarmed Combat
 + Level 14.9 Invocations
 + Level 25.1 Shapeshifting


You had 26 spell levels left.
You didn't know any spells.
Your spell library contained the following spells:

 Spells                   Type           Power      Damage    Failure   Level
 Apportation              Tloc           0%         N/A       41%         1
 Foxfire                  Conj/Fire      0%         2x1d4     41%         1
 Kiss of Death            Conj/Necr      0%         2d5       41%         1
 Magic Dart               Conj           0%         1d3       41%         1
 Necrotise                Necr           0%         1d4       41%         1
 Sandblast                Erth           0%         2d4       41%         1
 Shock                    Conj/Air       0%         1d3       41%         1
 Sting                    Tmut/Pois      0%         1d3       41%         1
 Summon Small Mammal      Summ           0%         N/A       41%         1
 Blink                    Tloc           0%         N/A       54%         2
 Call Imp                 Summ           0%         N/A       54%         2
 Cigotuvi's Dreadful Rot  Necr/Pois/Air  0%         N/A       54%         2
 Ensorcelled Hibernation  Hex/Ice        0%         N/A       54%         2
 Lesser Beckoning         Tloc           0%         N/A       54%         2
 Momentum Strike          Conj/Tloc      0%         3d8       54%         2
 Passwall                 Tmut/Erth      0%         N/A       54%         2
 Poisonous Vapours        Pois/Air       0%         N/A       54%         2
 Scorch                   Fire           0%         2d5       54%         2
 Searing Ray              Conj           0%         2d4       54%         2
 Wereblood                Tmut           0%         N/A       54%         2
 Call Canine Familiar     Summ           0%         N/A       78%         3
 Confusing Touch          Hex            0%         N/A       78%         3
 Frozen Ramparts          Ice            0%         1d1       78%         3
 Gell's Gravitas          Tloc           0%         N/A       78%         3
 Ignite Poison            Fire/Tmut/Pois 0%         N/A       78%         3
 Inner Flame              Hex/Fire       0%         N/A       78%         3
 Mephitic Cloud           Conj/Pois/Air  0%         N/A       78%         3
 Ozocubu's Armour         Ice            0%         N/A       78%         3
 Stone Arrow              Conj/Erth      0%         3d7       78%         3
 Summon Guardian Golem    Hex/Summ       0%         N/A       78%         3
 Teleport Other           Tloc           0%         N/A       78%         3
 Tukima's Dance           Hex            0%         N/A       78%         3
 Vhi's Electric Charge    Tloc/Air       0%         N/A       78%         3
 Volatile Blastmotes      Fire/Tloc      0%         2d10      78%         3
 Anguish                  Hex/Necr       0%         N/A       99%         4
 Animate Armour           Summ/Erth      0%         N/A       99%         4
 Animate Dead             Necr           0%         N/A       99%         4
 Cause Fear               Hex            0%         N/A       99%         4
 Dispel Undead            Necr           0%         3d6       99%         4
 Flame Wave               Conj/Fire      0%         2d4       99%         4
 Fulminant Prism          Conj/Hex       0%         3d5       99%         4
 Iskenderun's Mystic Bla  Conj/Tloc      0%         2d3       99%         4
 Leda's Liquefaction      Hex/Erth       0%         N/A       99%         4
 Manifold Assault         Tloc           0%         N/A       99%         4
 Olgreb's Toxic Radiance  Pois           0%         N/A       99%         4
 Passage of Golubria      Tloc           0%         N/A       99%         4
 Petrify                  Tmut/Erth      0%         N/A       99%         4
 Sticky Flame             Conj/Fire      0%         2d3       99%         4
 Summon Ice Beast         Ice/Summ       0%         N/A       99%         4
 Summon Lightning Spire   Summ/Air       0%         N/A       99%         4
 Alistair's Intoxication  Tmut/Pois      0%         N/A       100%        5
 Arcjolt                  Conj/Air       0%         1d10      100%        5
 Borgnjor's Vile Clutch   Necr/Erth      0%         N/A       100%        5
 Fireball                 Conj/Fire      0%         3d3       100%        5
 Freezing Cloud           Conj/Ice/Air   0%         6-21      100%        5
 Irradiate                Conj/Tmut      0%         3d11      100%        5
 Iskenderun's Battlesphe  Conj           0%         2d6       100%        5
 Lee's Rapid Deconstruct  Erth           0%         3d4*      100%        5
 Metabolic Englaciation   Hex/Ice        0%         N/A       100%        5
 Silence                  Hex/Air        0%         N/A       100%        5
 Yara's Violent Unravell  Hex/Tmut       0%         3d3       100%        5
 Conjure Ball Lightning   Conj/Air       0%         3x3d6     100%        6
 Death Channel            Necr           0%         N/A       100%        6
 Dispersal                Tloc           0%         N/A       100%        6
 Eringya's Noxious Bog    Tmut/Pois      0%         4d6       100%        6
 Leda's Unmaking          Conj/Erth      0%         9d1       100%        6
 Plasma Beam              Fire/Air       0%         2x1d10    100%        6
 Simulacrum               Ice/Necr       0%         N/A       100%        6
 Starburst                Conj/Fire      0%         6d3       100%        6
 Summon Cactus Giant      Summ           0%         N/A       100%        6
 Enfeeble                 Hex            0%         N/A       100%        7
 Haunt                    Necr/Summ      0%         N/A       100%        7
 Malign Gateway           Summ/Tloc      0%         N/A       100%        7
 Orb of Destruction       Conj           0%         9d5       100%        7
 Ozocubu's Refrigeration  Ice            0%         4d7       100%        7
 Spellforged Servitor     Conj/Summ      0%         N/A       100%        7
 Disjunction              Tloc           0%         N/A       100%        8
 Ignition                 Fire           0%         3d3       100%        8
 Infestation              Necr           0%         N/A       100%        8
 Lehudib's Crystal Spear  Conj/Erth      0%         10d2      100%        8
 Summon Horrible Things   Summ           0%         N/A       100%        8
 Polar Vortex             Ice            0%         N/A       100%        9
 Sublimation of Blood     Necr           Unusable   N/A       N/A         2

Dungeon Overview and Level Annotations

Branches:
Dungeon (15/15)            Temple (0/1) D:6            Lair (5/5) D:10
  Swamp (4/4) Lair:3        Snake (4/4) Lair:2        Slime (5/5) Lair:5
    Orc (2/2) D:12            Elf (3/3) Orc:2        Vaults (4/5) D:13
  Crypt (3/3) Vaults:2       Tomb (0/3) Crypt:3      Depths (4/4) D:15
    Zot (5/5) Depths:4     Bailey (visited)          WizLab (visited)
Desolation (visited)      Gauntlet (visited)

Altars:
Ashenzari
Cheibriados
Elyvilon
Gozag
Hepliaklqana
Kikubaaqudgha
Makhleb
Nemelex Xobeh
Qazlal
Ru
Sif Muna
Trog
Uskayaw
Vehumet
Wu Jian
Yredelemnul
Zin
The Shining One
Jiyva

Shops:
D:6 ?   Orc:1 (   Orc:2 (=!:   Elf:1 [   Snake:2 [   Vaults:3 (=   Depths:1 *
Depths:4 :=::?

Portals:
Hell: Depths:1 Depths:2 Depths:3 Depths:4
Abyss: Depths:1 Depths:3
Pandemonium: Depths:2 Depths:3
Ziggurat: Depths:4


Innate Abilities, Weirdness & Mutations

You are a lightning-filled tempest!
Your electrical attacks strike out in all directions at once.
You are incredibly evasive.
Your insubstantial body is immune to petrification, constriction, and being set on fire You are flying.
Your armour is entirely melded.
You are incapable of wielding weapons or throwing items.
Your life essence is reduced to manifest your ancestor. (-10% HP)
You are too large for most types of armour.
You are immune to poison.
((You have tough skin. (AC +1)))
((You have a pair of small antennae on your head.))
((You have large cloven feet.))
You are agile. (Dex +4, Str/Int -1)
((Armour fits poorly on your strangely shaped body.))
Your magical capacity is low. (-10% MP)


Message History

(H) Hell (Z) Zot
Where to? (Enter - D:2, ? - help)
There is a stone staircase leading up here.
You fly upwards.
There is a stone staircase leading down here.
(D) Dungeon (T) Temple (L) Lair (S) Swamp (P) Snake Pit (M) Slime Pits (O) Orcish Mines (E) Elven Halls (V) Vaults (C) Crypt (W) Tomb (U) Depths (H) Hell (Z) Zot
Where to? (Enter - D:2, ? - help)
There is a stone staircase leading up here.
You fly upwards.
There is a stone staircase leading down here.
(D) Dungeon (T) Temple (L) Lair (S) Swamp (P) Snake Pit (M) Slime Pits (O) Orcish Mines (E) Elven Halls (V) Vaults (C) Crypt (W) Tomb (U) Depths (H) Hell (Z) Zot
Where to? (Enter - D:1, ? - help)
Okay, then.
Unknown command.
You see here a +0 buckler.
A reaper comes into view. It is wielding a +2 scythe of freezing.
A reaper is nearby!
The reaper completely misses you.
You hit the reaper.
The reaper is lightly wounded.
You blast the reaper!!!!!
You kill the reaper!
You see here a +2 scythe of freezing.
(D) Dungeon (T) Temple (L) Lair (S) Swamp (P) Snake Pit (M) Slime Pits (O) Orcish Mines (E) Elven Halls (V) Vaults (C) Crypt (W) Tomb (U) Depths (H) Hell (Z) Zot
Where to? (Enter - D:1, ? - help)
Okay, then.
You see here a +0 dagger.
There is an open door here.
There is a staircase leading out of the dungeon here.
You can't go down here!
You have escaped!

###### ###... #.....
#..... ### #####.....
#.## ### ##..##)..##
##.### #.# ###.#..)...#
##..####'####..#####...#
###..'...'..### #...#
####.v.#### #...#
###(.'...'..### #.###
##..####'####..#####.#
#.### #.# ###.#....# ###
### ##..#### ####


There were no monsters in sight!

Vanquished Creatures
  the Royal Jelly (Slime:5)
  An ancient lich (Zot:4)
  10 orbs of fire
  3 dread liches
  Mennas (Crypt:3)
  Boris (Vaults:3)
  Bai Suzhen (Snake:4)
  5 Killer Klowns
  Saint Roka (Crypt:1)
  Margery (Depths:3)
  Vashnia (Snake:4)
  10 golden dragons
  2 curse toes
  A bone dragon (Crypt:3)
  The ghost of Goociwk the Warrior, an adept GrFi of Cheibriados (Crypt:3)
  3 electric golems
  Jorgrun (Swamp:3)
  Rupert (D:15)
  28 Orb Guardians
  Zenata (Vaults:1)
  12 tentacled monstrosities
  23 acid blobs
  A deep elf blademaster (Elf:2)
  4 liches
  2 deep elf master archers (WizLab)
  11 quicksilver dragons
  An Executioner (Abyss:2)
  2 sphinxes
  A tentacled starspawn (Abyss:2)
  6 ancient champions
  5 thorn hunters
  16 death cobs
  Donald (Snake:4)
  2 tengu reavers (Depths:2)
  5 shadow dragons
  Roxanne (D:14)
  7 draconian monks
  9 storm dragons
  15 nagarajas
  Aizul (Snake:4)
  12 rockslimes
  2 fenstrider witches (WizLab)
  A revenant (Crypt:3)
  6 draconian knights
  A frost giant (Depths:3)
  3 imperial myrmidons (Desolation)
  14 azure jellies
  2 balrugs
  A fire giant (Depths:4)
  3 vault wardens
  7 deep elf sorcerers
  2 ghost moths
  12 draconian scorchers
  4 deep elf elementalists
  Louise (Snake:2)
  14 draconian shifters
  2 angels (Vaults:2)
  A curse skull (Crypt:2)
  14 ironbound preservers
  3 reapers
  9 formless jellyfish
  12 ghouls
  9 draconian stormcallers
  3 orc warlords
  A war gargoyle (Vaults:1)
  15 quicksilver oozes
  8 vampire knights
  11 very ugly things
  10 draconian annihilators
  A caustic shrike skeleton (Crypt:2)
  4 stone giants
  8 eleionomae
  3 deep elf demonologists (Elf:3)
  4 ironbound thunderhulks
  Nessos (Orc:1)
  A lorocyproca (Depths:2)
  15 green draconians
  10 red draconians
  15 black draconians
  25 purple draconians
  2 halazid warlocks (Desolation)
  A minotaur (Gauntlet)
  8 deep elf annihilators
  3 starcursed masses (Abyss:2)
  10 yellow draconians
  A spark wasp (Depths:4)
  13 white draconians
  4 eidola
  6 dire elephants
  A bunyip (Swamp:2)
  Snorg (Orc:1)
  A mummy priest (Crypt:3)
  2 crystal guardians
  6 ettins
  4 deep elf death magi (Elf:3)
  11 great orbs of eyes
  4 ragged hierophants (Desolation)
  3 deep elf high priests
  A spectral spriggan (Crypt:1)
  A shambling mangrove (WizLab)
  15 jiangshi
  The ghost of AwFulAwFulPlayer the Brawler, a journeyman TrMo of Wu Jian (Lair:3)
  9 yaktaur captains
  A kraken zombie (Crypt:1)
  Erolcha (Orc:2)
  5 servants of whispers (Desolation)
  The ghost of AwFulAwFulPlayer the Skirmisher, a journeyman DgHu (Orc:1)
  4 fire dragons
  A caustic shrike simulacrum (Crypt:1)
  A rakshasa (Depths:2)
  A fenstrider witch zombie (Crypt:3)
  19 hydras
  2 ogre magi
  11 anacondas
  7 peacekeepers
  3 vault guards
  4 spriggan air magi
  5 salamander tyrants (Snake:4)
  3 ghost crabs
  8 ice dragons
  7 two-headed ogres
  9 centaur warriors
  9 alligators
  8 ironbound frosthearts
  7 boulder beetles
  17 naga warriors
  20 dancing weapons
  8 tengu warriors
  2 deep troll shamans
  2 satyrs (WizLab)
  9 shock serpents
  3 deep troll earth magi
  8 hell knights
  6 spriggan berserkers
  Urug (D:13)
  6 vampire magi
  An orc high priest (Orc:2)
  A thrashing horror (Abyss:2)
  Nergalle (Orc:2)
  5 sun demons
  22 naga sharpshooters
  A soul eater (Depths:3)
  2 salamander mystics (Snake:4)
  Sonja (Lair:4)
  A titan skeleton (Crypt:1)
  8 deep elf knights
  An iron troll (Depths:4)
  A fire crab (Lair:5)
  A spark wasp zombie (D:15)
  4 flayed ghosts
  3 goliath frogs
  A shadow wraith (Crypt:1)
  27 deep trolls
  Lodul (D:14)
  35 skeletal warriors
  3 spriggan druids (Swamp:4)
  A glowing orange brain (Depths:3)
  18 lindwurms
  2 shadow demons
  16 swamp dragons
  2 spriggan simulacra (Crypt:1)
  10 wizards
  An orange crystal statue (Vaults:4)
  3 sea snakes
  3 bog bodies
  An anaconda skeleton (Crypt:2)
  15 ironbound convokers
  7 naga ritualists
  A bunyip skeleton (Crypt:3)
  12 deep elf archers
  2 fenstrider witch simulacra (Crypt:1)
  9 orc knights
  A sphinx zombie (D:15)
  15 phantasmal warriors
  7 necromancers
  37 deep elf pyromancers
  18 ugly things
  18 deep elf zephyrmancers
  5 harpies
  5 oklob plants
  4 mana vipers
  9 orc sorcerers
  11 large abominations
  31 moths of wrath
  5 cyclopes
  A manticore (D:15)
  3 shining eyes
  2 fauns (WizLab)
  Maurice (Orc:2)
  6 will-o-the-wisps
  16 salamanders
  21 elephants
  67 slime creatures
  12 guardian serpents
  2 rust devils
  20 vault sentinels
  10 naga magi
  2 gargoyles
  6 torpor snails (Lair:5)
  A centaur skeleton (Crypt:3)
  2 eyes of devastation
  7 cane toads
  3 molten gargoyles
  2 orange demons
  A storm dragon simulacrum (Crypt:1)
  39 black mambas
  2 hellions
  4 smoke demons
  An unseen horror (Depths:1)
  A rime drake (Lair:2)
  2 spriggan zombies (D:15)
  4 kobold demonologists
  8 komodo dragons
  26 yaktaurs
  An anaconda simulacrum (Crypt:1)
  An efreet (D:12)
  A guardian mummy (Crypt:2)
  A black draconian skeleton (Crypt:1)
  3 minotaur zombies (Gauntlet)
  A spectral skyshark (Lair:3)
  11 freezing wraiths (Crypt:1)
  An ancient zyme (Abyss:2)
  A yaktaur skeleton (Vaults:2)
  An unseen horror skeleton (Crypt:1)
  An ice devil (Depths:2)
  An iron troll skeleton (Crypt:3)
  4 polar bears
  8 tyrant leeches
  A shadow dragon simulacrum (Crypt:1)
  A meliai (shapeshifter) (Elf:2)
  2 trolls
  A harpy zombie (Crypt:1)
  A queen bee (Lair:1)
  A mana viper skeleton (Crypt:1)
  5 hellwings
  12 hornets
  45 saltlings (Desolation)
  10 blink frogs
  An elf zombie (Vaults:2)
  A jumping spider zombie (Crypt:2)
  A spectral black mamba (Gauntlet)
  An ice dragon zombie (Crypt:1)
  2 centaur simulacra (Crypt:1)
  A human simulacrum (Vaults:2)
  A stone giant simulacrum (Crypt:1)
  2 air elementals
  A guardian serpent skeleton (Crypt:2)
  4 ynoxinuls
  12 wraiths
  2 shadows
  13 spriggans
  A black mamba zombie (Crypt:3)
  4 flying skulls
  2 vampires
  9 water elementals
  A wind drake zombie (Crypt:3)
  The ghost of Vomitron the Trooper, an amateur NaFi (D:3)
  3 dire elephant simulacra (Crypt:1)
  6 fire elementals
  43 yaks
  6 vampire mosquitoes
  7 neqoxecs
  A slime creature zombie (Crypt:1)
  2 wyverns
  14 humans (D:13)
  Eustachio (D:5)
  2 basilisks (Lair:3)
  A chaos spawn (Depths:1)
  Grum (D:11)
  10 small abominations
  A spectral cane toad (Gauntlet)
  6 wargs
  Menkaure (D:4)
  A harpy simulacrum (Crypt:1)
  36 nagas
  6 swamp worms
  A naga zombie (Crypt:1)
  5 acid dragons
  2 hell hounds (D:11)
  28 water moccasins
  A floating eye (Depths:1)
  34 orc warriors
  8 swamp drakes
  A spectral torpor snail (Lair:3)
  3 sky beasts
  4 black bears
  An ice beast (D:5)
  A black bear (shapeshifter) (D:15)
  19 ogres
  5 boggarts
  9 wolves
  A human skeleton (Vaults:2)
  16 centaurs
  6 kobold brigands
  11 bullfrogs
  A gnoll sergeant (Orc:2)
  6 necrophages
  3 earth elementals
  3 scorpions
  4 wights
  17 killer bees (Lair:1)
  A polar bear skeleton (Crypt:3)
  A howler monkey (D:9)
  9 electric eels
  A crimson imp (Orc:1)
  6 jellies
  A wolf zombie (Crypt:2)
  2 bullfrog zombies (D:6)
  3 centaur zombies (D:6)
  4 lava snakes (D:14)
  2 quasits (Orc:1)
  8 hounds
  A human zombie (D:6)
  A gnoll bouda (Orc:1)
  12 orc priests
  Ijyb (D:5)
  8 iguanas
  A black bear skeleton (Crypt:3)
  30 orc wizards
  A sleepcap (D:7)
  A killer bee zombie (D:6)
  A deep dwarf skeleton (Crypt:1)
  5 mummies
  7 gnolls
  3 adders
  2 shadow imps
  3 white imps
  2 ufetubi
  A worm zombie (Crypt:2)
  A lava snake skeleton (Crypt:1)
  8 worms (D:11)
  2 dart slugs
  64 orcs
  13 endoplasms
  5 giant cockroaches
  10 goblins
  11 hobgoblins
  11 jackals
  3 quokkas
  2 ball pythons
  5 bats
  6 frilled lizards (D:11)
  A jackal skeleton (Crypt:3)
  27 kobolds
  19 rats
  A spectral weapon (Zot:5)
  2 tentacles (Crypt:1)
2259 creatures vanquished.

Vanquished Creatures (collateral kills)
  A Killer Klown (Zot:5)
  A bone dragon (Abyss:2)
  2 tentacled monstrosities (Zot:1)
  An Orb Guardian (Zot:5)
  A quicksilver dragon (Zot:2)
  A lich (Crypt:3)
  2 deep elf master archers
  A sphinx (Vaults:4)
  3 acid blobs
  2 death cobs
  A draconian monk (Zot:1)
  A tengu reaver (Depths:4)
  4 azure jellies (Slime:5)
  2 storm dragons
  2 nagarajas (Snake:4)
  A fenstrider witch (WizLab)
  A draconian knight (Zot:1)
  3 deep elf sorcerers
  A draconian scorcher (Zot:1)
  A vault warden (Vaults:4)
  A deep elf elementalist (Elf:3)
  2 ironbound preservers
  A draconian shifter (Zot:2)
  4 ghouls
  3 draconian annihilators
  A draconian stormcaller (Zot:1)
  2 quicksilver oozes (Slime:5)
  2 very ugly things
  2 black draconians (Zot:2)
  A purple draconian (Zot:5)
  A deep elf annihilator (Elf:3)
  2 green draconians
  A spark wasp (Depths:4)
  A dire elephant (Vaults:2)
  A deep elf high priest (Elf:3)
  An ettin (Depths:4)
  4 great orbs of eyes
  A shambling mangrove (WizLab)
  A jiangshi (Crypt:3)
  2 servants of whispers (Desolation)
  2 hydras (Swamp:4)
  An alligator (Lair:3)
  A centaur warrior (D:15)
  An anaconda (Snake:4)
  A death knight (Crypt:1)
  2 satyrs (WizLab)
  5 dancing weapons
  A deep troll earth mage (Depths:1)
  3 naga warriors
  2 vampire magi
  6 deep elf knights
  6 naga sharpshooters
  2 skeletal warriors
  A shadow wraith (Crypt:1)
  3 deep trolls
  3 swamp dragons (Swamp:4)
  A bog body (Swamp:2)
  2 wizards
  7 deep elf archers
  A harpy (Vaults:1)
  A lindwurm (Vaults:1)
  7 deep elf pyromancers
  4 deep elf zephyrmancers
  2 mana vipers
  3 orc sorcerers (Orc:2)
  3 shining eyes
  A will-o-the-wisp (Swamp:3)
  3 salamanders
  A moth of wrath (Zot:2)
  2 fauns (WizLab)
  2 naga magi
  2 ugly things
  A guardian serpent (Desolation)
  2 vault sentinels
  3 black mambas
  A titan simulacrum (Crypt:1)
  A smoke demon (Abyss:2)
  A hellion (Abyss:2)
  A naga skeleton (Crypt:1)
  9 yaktaurs
  2 freezing wraiths (Crypt:1)
  A yellow draconian skeleton (Crypt:3)
  A red devil (Depths:2)
  3 hornets (Swamp:3)
  An iron troll skeleton (Crypt:1)
  2 guardian mummies (Crypt:3)
  A tyrant leech (Swamp:3)
  7 saltlings (Desolation)
  3 blink frogs
  9 slime creatures
  A flying skull (Crypt:1)
  A ynoxinul (Abyss:2)
  An orc simulacrum (Crypt:1)
  A yak (Lair:2)
  2 humans (D:13)
  A wraith (Crypt:1)
  A small abomination (Abyss:2)
  A chaos spawn (Depths:1)
  A harpy simulacrum (Crypt:1)
  13 nagas
  3 swamp worms
  A deep troll skeleton (Crypt:2)
  A water moccasin (D:7)
  A lindwurm zombie (Crypt:2)
  A swamp drake (Swamp:4)
  2 orc warriors
  A black mamba simulacrum (Crypt:1)
  3 centaurs (D:13)
  3 ogres
  A necrophage (Crypt:3)
  A wight (D:8)
  7 killer bees (Lair:1)
  2 electric eels
  2 jellies
  2 quasits (Orc:1)
  An orc priest (D:11)
  A hound (D:6)
  An iron imp (Orc:1)
  5 orc wizards
  A hound skeleton (Crypt:2)
  2 mummies (Crypt:3)
  3 gnolls
  A white imp (Orc:1)
  2 worms (D:11)
  30 orcs
  2 hobgoblins
  A hobgoblin zombie (Crypt:3)
  5 kobolds
  A river rat skeleton (Crypt:3)
  2 butterflies (Lair:4)
309 creatures vanquished.

Vanquished Creatures (others)
  Asterion (Snake:4)
  A yaktaur captain (Vaults:1)
  A satyr (WizLab)
  A vampire mage (D:15)
  2 deep elf knights (Elf:2)
  3 deep elf archers
  2 yaktaurs (Vaults:2)
  2 bloated husks
  A spriggan (Depths:2)
  A naga (Snake:1)
  A boggart (Vaults:2)
  28 knights
  2 orc wizards
  8 ancestors
  18 foxfires
  2 starspawn tentacles (Abyss:2)
  12 tentacles (Crypt:1)
86 creatures vanquished.

Grand Total: 2654 creatures vanquished

Notes
Turn   | Place    | Note
-------+----------+-------------------------------------------
     0 | D:1      | cforsyth the Ogre Shapeshifter began the quest for the Orb.
     0 | D:1      | Reached XP level 1. HP: 22/22 MP: 1/1
   309 | D:1      | Reached XP level 2. HP: 7/29 MP: 2/2
   893 | D:2      | Reached XP level 3. HP: 16/36 MP: 3/3
  1581 | D:3      | Reached XP level 4. HP: 19/44 MP: 4/4
  1807 | D:3      | Noticed Vomitron's ghost (amateur NaFi)
  1807 | D:3      | Noticed an ogre
  1807 | D:3      | Noticed an ogre
  1808 | D:3      | Found a transporter.
  1982 | D:3      | Identified the +1 chain mail of Izesiz {rC+ Stlth+}
  2258 | D:4      | Reached XP level 5. HP: 22/50 MP: 5/5
  2293 | D:4      | Found a glowing silver altar of Zin.
  2293 | D:4      | Found a sparkling altar of Nemelex Xobeh.
  2294 | D:4      | Found a hazy altar of Hepliaklqana.
  2299 | D:4      | Reached skill level 5 in Shapeshifting
  2301 | D:4      | Found a shimmering blue altar of Sif Muna.
  2301 | D:4      | Found an ornate altar of the Wu Jian Council.
  2301 | D:4      | Found an opulent altar of Gozag.
  2305 | D:4      | Became a worshipper of Hepliaklqana the Forgotten
  2318 | D:4      | Reached XP level 6. HP: 26/59 MP: 6/6
  2490 | D:4      | Noticed Menkaure
  2893 | D:4      | Noticed a black bear
  2898 | D:4      | Killed a black bear
  2899 | D:4      | Reached XP level 7. HP: 29/66 MP: 7/7
  3122 | D:4      | Killed Menkaure
  3215 | D:4      | Reached * piety under Hepliaklqana
  3335 | D:5      | Entered Level 5 of the Dungeon
  3397 | D:5      | Noticed Eustachio
  3409 | D:5      | Killed Eustachio
  3410 | D:5      | Reached XP level 8. HP: 12/66 MP: 8/8
  3524 | D:5      | Noticed a two-headed ogre
  3531 | D:5      | Killed a two-headed ogre
  3765 | D:5      | Noticed Ijyb
  3770 | D:5      | Killed Ijyb
  3775 | D:5      | Reached XP level 9. HP: 30/72 MP: 9/9
  3808 | D:5      | Reached skill level 10 in Shapeshifting
  4198 | D:6      | Found a staircase to the Ecumenical Temple.
  4223 | D:6      | Found a radiant altar of Vehumet.
  4630 | D:6      | Found a hide-covered altar of Uskayaw.
  4770 | D:6      | Found Yziph's Magic Scroll Emporium.
  4770 | D:6      | Reached ** piety under Hepliaklqana
  4981 | D:6      | Found an ancient bone altar of Kikubaaqudgha.
  5170 | D:7      | Reached XP level 10. HP: 38/79 MP: 10/10
  5243 | D:7      | Found a flagged portal.
  5296 | Bailey   | Entered a bailey
  5517 | Bailey   | Found a large runed translucent door.
  5517 | Bailey   | Found a large runed translucent door.
  5518 | Bailey   | Noticed a deep elf pyromancer
  5538 | Bailey   | Noticed an orc knight
  5547 | Bailey   | Killed an orc knight
  5740 | Bailey   | Killed a deep elf pyromancer
  5760 | Bailey   | Identified the +2 leather armour of Oblivion {rC- rN+ rCorr
                  | Str+5}
  5896 | D:7      | Found a sacrificial altar of Ru.
  7144 | D:9      | Reached *** piety under Hepliaklqana
  7220 | D:9      | Reached XP level 11. HP: 78/86 MP: 11/11
  7420 | D:9      | Found a snail-covered altar of Cheibriados.
  7983 | D:9      | Found a basalt altar of Yredelemnul.
  8022 | D:9      | Found a bloodstained altar of Trog.
  8301 | D:10     | Entered Level 10 of the Dungeon
  8335 | D:10     | Found a staircase to the Lair.
  8462 | D:10     | Reached skill level 15 in Shapeshifting
  8604 | D:10     | Found a transporter.
  8632 | D:10     | Found a transporter.
  8816 | D:10     | Found a transporter.
  8840 | D:10     | Found a transporter.
  9262 | D:11     | Noticed Grum
  9267 | D:11     | Killed Grum
  9399 | D:11     | Noticed a lindwurm
  9407 | D:11     | Killed a lindwurm
  9408 | D:11     | Noticed a lindwurm
  9421 | D:11     | Killed a lindwurm
  9607 | D:11     | Reached XP level 12. HP: 93/93 MP: 12/12
  9778 | D:11     | Reached **** piety under Hepliaklqana
 10190 | D:11     | Noticed an alligator
 10203 | D:11     | Killed an alligator
 10261 | D:11     | Noticed an alligator
 10270 | D:11     | Killed an alligator
 10619 | D:12     | Noticed a boulder beetle
 10639 | D:12     | Killed a boulder beetle
 10716 | D:12     | Reached skill level 3 in Fighting
 10716 | D:12     | Found a gate leading to a gauntlet.
 10725 | Gauntlet | Entered a Gauntlet
 10725 | Gauntlet | Found a transporter.
 10750 | Gauntlet | Noticed a ghost crab
 10936 | Gauntlet | Found a transporter.
 10953 | Gauntlet | Found a transporter.
 10957 | Gauntlet | Found a transporter.
 10978 | Gauntlet | Found a transporter.
 10988 | Gauntlet | Noticed a death scarab
 10991 | Gauntlet | Found a transporter.
 10993 | Gauntlet | Noticed a death scarab
 11005 | Gauntlet | Found a transporter.
 11007 | Gauntlet | Noticed a death yak
 11008 | Gauntlet | Noticed a death yak
 11008 | Gauntlet | Noticed a death yak
 11009 | Gauntlet | Noticed a death yak
 11009 | Gauntlet | Noticed a death yak
 11034 | Gauntlet | Found a transporter.
 11034 | Gauntlet | Found a transporter.
 11035 | Gauntlet | Found a runed translucent door.
 11039 | Gauntlet | Found a transporter.
 11049 | Gauntlet | Found a runed translucent door.
 11072 | Gauntlet | Found a transporter.
 11072 | Gauntlet | Found a transporter.
 11158 | Gauntlet | Killed a ghost crab
 11159 | Gauntlet | Reached skill level 4 in Fighting
 11287 | Gauntlet | Identified the ring "Othaup" {Ice Contam +Blink rN+}
 11588 | Gauntlet | Remembered your ancestor Wolf as a knight
 11591 | Gauntlet | Identified the +7 sling "Vubol" {freeze, rPois rN+}
 11591 | Gauntlet | Noticed a minotaur
 11596 | Gauntlet | Killed a minotaur
 11597 | Gauntlet | Reached skill level 5 in Fighting
 11824 | Gauntlet | Identified the +1 cloak of Zaxkic {Dex+5}
 11824 | Gauntlet | Identified the +2 morningstar of Internal Strife {freeze,
                  | Str+5 Stlth+}
 12205 | D:12     | Found a staircase to the Orcish Mines.
 12551 | Lair:1   | Entered Level 1 of the Lair of Beasts
 12602 | Lair:1   | Reached skill level 6 in Fighting
 12701 | Lair:1   | Reached skill level 5 in Unarmed Combat
 12701 | Lair:1   | Reached XP level 13. HP: 110/110 MP: 13/13
 12708 | Lair:1   | Reached skill level 7 in Fighting
 12820 | Lair:1   | Reached skill level 8 in Fighting
 12875 | Lair:1   | Reached ***** piety under Hepliaklqana
 13645 | Lair:1   | Reached skill level 9 in Fighting
 14074 | Lair:2   | Found a staircase to the Snake Pit.
 14122 | Lair:2   | Reached skill level 10 in Fighting
 15136 | Lair:3   | Found a transporter.
 15140 | Lair:3   | Noticed AwFulAwFulPlayer's ghost (journeyman TrMo)
 15249 | Lair:3   | Found a transporter.
 15487 | Lair:3   | Found a staircase to the Swamp.
 15662 | Lair:3   | Reached ****** piety under Hepliaklqana
 15925 | Lair:4   | Reached skill level 11 in Fighting
 16229 | Lair:4   | Noticed Sonja
 16241 | Lair:4   | Reached XP level 14. HP: 130/131 MP: 14/14
 16259 | Lair:4   | Killed Sonja
 17157 | Lair:5   | Entered Level 5 of the Lair of Beasts
 17544 | Lair:5   | Reached skill level 12 in Fighting
 17700 | Lair:5   | Reached skill level 10 in Unarmed Combat
 17720 | Lair:5   | Reached skill level 5 in Dodging
 17836 | Lair:5   | Found a runed translucent door.
 18463 | Lair:5   | Found a staircase to the Slime Pits.
 18464 | Lair:5   | Found a viscous altar of Jiyva.
 18835 | Orc:1    | Entered Level 1 of the Orcish Mines
 18978 | Orc:1    | Found Jeraoxuf's Weapon Shop.
 19084 | Orc:1    | Reached skill level 13 in Fighting
 19087 | Orc:1    | Noticed AwFulAwFulPlayer's ghost (journeyman DgHu)
 19380 | Orc:1    | Found a transporter.
 19483 | Orc:1    | Found a transporter.
 19597 | Orc:2    | Entered Level 2 of the Orcish Mines
 19602 | Orc:2    | Noticed Snorg
 19606 | Orc:2    | Noticed Nessos
 19613 | Orc:2    | Reached XP level 15. HP: 144/144 MP: 15/15
 19621 | Orc:1    | Killed Nessos
 19886 | Orc:1    | Killed Snorg
 20080 | Orc:2    | Noticed Maurice
 20086 | Orc:2    | Killed Maurice
 20426 | Orc:2    | Noticed an orc warlord
 20550 | Orc:2    | Killed an orc warlord
 20876 | Orc:2    | Found a staircase to the Elven Halls.
 20978 | Orc:2    | Found Meonippi's Antique Weapon Shoppe.
 20996 | Orc:2    | Noticed Erolcha
 20998 | Orc:2    | Found a radiant altar of Vehumet.
 21001 | Orc:2    | Killed Erolcha
 21140 | Orc:2    | Noticed Nergalle
 21147 | Orc:2    | Killed Nergalle
 21150 | Orc:2    | Found an ancient bone altar of Kikubaaqudgha.
 21207 | Orc:2    | Found Sotwoat's Jewellery Emporium.
 21246 | Orc:2    | Found Qudaniy's Book Shoppe.
 21256 | Orc:2    | Reached skill level 14 in Fighting
 21280 | Orc:2    | Found Garph's Distillery.
 21288 | Orc:2    | Bought a potion of invisibility for 128 gold pieces
 21578 | D:13     | Found a gate to the Vaults.
 21579 | D:13     | Noticed Urug
 21611 | D:13     | Killed Urug
 23211 | D:14     | Reached XP level 16. HP: 156/156 MP: 16/16
 23214 | D:14     | Reached skill level 15 in Fighting
 23243 | D:14     | Noticed Lodul
 23276 | D:14     | Killed Lodul
 23464 | D:14     | You are sucked into a shaft and drop 1 floor!
 23464 | D:15     | Entered Level 15 of the Dungeon
 23534 | D:15     | Found a staircase to the Depths.
 24203 | D:15     | Found a stormy altar of Qazlal.
 24437 | D:15     | Noticed Rupert
 24438 | D:15     | Paralysed by Rupert for 5 turns
 24448 | D:15     | Killed Rupert
 25172 | D:14     | Noticed Roxanne
 25183 | D:14     | Killed Roxanne
 25426 | D:14     | Found a bloodstained altar of Trog.
 25825 | D:3      | Found a transporter.
 25838 | D:3      | Killed Vomitron's ghost
 26153 | Lair:3   | Killed AwFulAwFulPlayer's ghost
 26154 | Lair:3   | Reached skill level 16 in Fighting
 26255 | Lair:3   | Identified the +2 hat "Otimm" {+Blink rF+ rN+++ Int-3}
 26480 | Orc:1    | Gained mutation: Your spells are a little easier to cast,
                  | but a little less powerful. [a neqoxec]
 26482 | Orc:1    | Killed AwFulAwFulPlayer's ghost
 26493 | Orc:1    | Got the ring of Dawn {rC+ Dex+6}
 26670 | Snake:1  | Entered Level 1 of the Snake Pit
 28039 | Snake:1  | Reached skill level 15 in Unarmed Combat
 28509 | Snake:1  | Reached XP level 17. HP: 170/170 MP: 17/17
 28849 | Snake:2  | Reached skill level 17 in Fighting
 29388 | Snake:2  | Identified a scroll of acquirement
 29392 | Snake:2  | Acquired 957 gold pieces
 29450 | Snake:2  | Found Kol Car's Antique Armour Boutique.
 29454 | Snake:2  | Identified the +11 tower shield "Rarecw" {+Inv rPois rF-
                  | Str+4}
 29454 | Snake:2  | Noticed Louise
 29476 | Snake:2  | Killed Louise
 30576 | Snake:3  | Reached skill level 18 in Fighting
 31712 | Snake:4  | Entered Level 4 of the Snake Pit
 31754 | Snake:4  | Noticed Asterion
 31772 | Snake:4  | Killed Asterion
 31928 | Snake:4  | Reached XP level 18. HP: 184/184 MP: 18/18
 32394 | Snake:4  | Noticed Vashnia
 32422 | Snake:4  | Killed Vashnia
 32432 | Snake:4  | Noticed Aizul
 32438 | Snake:4  | Killed Aizul
 32562 | Snake:4  | Noticed Donald
 32569 | Snake:4  | Killed Donald
 32581 | Snake:4  | Reached skill level 19 in Fighting
 32960 | Snake:4  | Noticed Bai Suzhen
 32967 | Snake:4  | Killed Bai Suzhen
 33308 | Snake:4  | Got a serpentine rune of Zot
 33547 | Swamp:1  | Entered Level 1 of the Swamp
 33681 | Swamp:1  | You fall into a shaft and drop 1 floor!
 33684 | Swamp:2  | Reached XP level 19. HP: 196/196 MP: 19/19
 34014 | Swamp:2  | Reached skill level 20 in Fighting
 34488 | Swamp:3  | Noticed Jorgrun
 34491 | Swamp:3  | Killed Jorgrun
 34846 | Swamp:4  | Entered Level 4 of the Swamp
 35286 | Swamp:4  | Got a decaying rune of Zot
 36028 | Vaults:1 | Entered Level 1 of the Vaults
 36260 | Vaults:1 | Identified the +2 dagger of Bellicose Honour {heavy, rC+
                  | Int+5}
 36403 | Vaults:1 | Noticed Zenata
 36725 | Vaults:1 | Killed Zenata
 36825 | Vaults:1 | Reached XP level 20. HP: 205/205 MP: 20/20
 37644 | Vaults:2 | Found a glowing golden altar of the Shining One.
 37646 | Vaults:2 | Found a crumbling gateway.
 37646 | Vaults:2 | Found a glowing silver altar of Zin.
 37660 | Vaults:2 | Found a white marble altar of Elyvilon.
 37689 | Desolati | Entered the Desolation of Salt
 37804 | Desolati | Identified the +10 dagger of Dupletuwi {heavy, *Rage rF++
                  | rN+ Will+ Str-4}
 38229 | Desolati | Identified the +6 fire dragon scales of the Manifold Tusks
                  | {Rampage Fly rF++ rC-}
 38233 | Desolati | Got the Volume of Amassed Fascination
 38459 | Desolati | Reached skill level 1 in Armour
 38577 | Desolati | Identified the +3 dagger "Tormentor" {flame, rCorr Int+6
                  | Dex-2 Stlth+}
 38587 | Desolati | Got Jeadier's Lectures on the Viperous Blink Frog
 39185 | Vaults:2 | Found a staircase to the Crypt.
 39185 | Vaults:2 | Found a basalt altar of Yredelemnul.
 39185 | Vaults:2 | Found an ancient bone altar of Kikubaaqudgha.
 39510 | Vaults:2 | Reached XP level 21. HP: 215/215 MP: 21/21
 40100 | Vaults:3 | Found Appiliza's Jewellery Shoppe.
 40170 | Vaults:3 | Found Nokyam Guss's Weapon Boutique.
 40240 | Vaults:3 | Noticed Boris
 40247 | Vaults:3 | Killed Boris
 40265 | Vaults:3 | Found a magical portal.
 40273 | WizLab   | Entered Eringya's Formal Garden
 40567 | WizLab   | Reached skill level 21 in Fighting
 40630 | WizLab   | Paralysed by a fenstrider witch for 4 turns
 40638 | WizLab   | Paralysed by a fenstrider witch for 4 turns
 40934 | WizLab   | Found a blossoming altar of Fedhas.
 41778 | Vaults:3 | Reached skill level 5 in Armour
 42464 | Vaults:4 | Found a flickering gateway to a bazaar.
 42472 | Bazaar   | Entered a bazaar
 42472 | Bazaar   | Found Mujad's Jewellery Shoppe.
 42472 | Bazaar   | Found Romism's Antique Weapon Boutique.
 42472 | Bazaar   | Found Umu Gamp's Distillery.
 42472 | Bazaar   | Found Ytharu's Assorted Antiques.
 42474 | Bazaar   | Found Bulul Fife's General Store.
 42506 | Bazaar   | Bought a flickering diamond amulet for 155 gold pieces
 42506 | Bazaar   | Identified the amulet "Reliyrgh" {Spirit rElec} (You bought
                  | it in a shop in a bazaar)
 42523 | Bazaar   | Bought a potion of haste for 130 gold pieces
 42526 | Bazaar   | Bought a potion of haste for 160 gold pieces
 42565 | Bazaar   | Bought the ring of Uklaekep {rElec rCorr AC+4 SInv} for
                  | 1016 gold pieces
 43617 | Vaults:4 | Reached XP level 22. HP: 228/228 MP: 22/22
 44209 | Elf:1    | Entered Level 1 of the Elven Halls
 44435 | Elf:1    | Reached skill level 22 in Fighting
 44594 | Elf:1    | Got the Papyrus of Kinetic Energy
 44595 | Elf:1    | You fall into a shaft and drop 1 floor!
 44628 | Elf:2    | Found a runed translucent gate.
 44668 | Elf:2    | Found a runed translucent gate.
 44669 | Elf:2    | Found a runed translucent gate.
 45045 | Elf:2    | Paralysed by an air elemental for 1 turns
 45718 | Elf:1    | Found Cikuell's Armour Shoppe.
 45911 | Elf:3    | Entered Level 3 of the Elven Halls
 46775 | Abyss:2  | Cast into level 2 of the Abyss (a deep elf sorcerer)
 46839 | Abyss:2  | Found a shimmering blue altar of Sif Muna.
 46871 | Abyss:2  | Found a corrupted altar of Lugonu.
 46883 | Abyss:2  | Found a corrupted altar of Lugonu.
 46883 | Abyss:2  | Found a corrupted altar of Lugonu.
 47084 | Abyss:2  | Reached skill level 23 in Fighting
 47100 | Abyss:2  | Reached XP level 23. HP: 240/240 MP: 23/23
 47104 | Elf:3    | Escaped the Abyss
 47527 | Elf:3    | Identified the +8 flail "Hiqou" {holy, Drain rF++}
 47769 | Elf:3    | Identified the +5 flail of the Extremes {antimagic, rF+
                  | SInv}
 47776 | Elf:3    | Identified the staff of Reinforcement {rN+ Will+ Dex+2
                  | Necro Poison}
 47786 | Elf:3    | Got the Handbook of Fateful Transformation
 48349 | Crypt:1  | Entered Level 1 of the Crypt
 48793 | Crypt:1  | Noticed Saint Roka
 48807 | Crypt:1  | Killed Saint Roka
 49844 | Crypt:2  | Reached skill level 24 in Fighting
 50458 | Crypt:2  | Reached XP level 24. HP: 253/253 MP: 23/23
 50516 | Crypt:3  | Entered Level 3 of the Crypt
 50526 | Crypt:3  | Reached skill level 10 in Armour
 50666 | Crypt:3  | Noticed Mennas
 50885 | Crypt:3  | Killed Mennas
 51031 | Crypt:3  | Noticed Goociwk's ghost (adept GrFi)
 51056 | Crypt:3  | Identified the +0 short sword of a ziggurat {antimagic,
                  | rF+}
 51068 | Crypt:3  | Noticed a curse toe
 51078 | Crypt:3  | Killed a curse toe
 51373 | Crypt:3  | Reached skill level 1 in Invocations
 51519 | Crypt:3  | Found a staircase to the Tomb.
 51648 | Crypt:3  | Found a runed translucent door.
 51665 | Crypt:3  | Noticed a dread lich
 52101 | Crypt:3  | Killed a dread lich
 52247 | Crypt:3  | Identified the +1 sling of the Vine {flame, rCorr Dex+2}
 52251 | Crypt:3  | Identified the ring "Sink" {*Slow rElec rPois rF++ MP+9}
 52357 | Crypt:3  | Killed Goociwk's ghost
 52365 | Crypt:3  | Identified the +0 hat "Citoer" {Str+3 Slay+3}
 52612 | Orc:2    | Bought a talisman of death for 1250 gold pieces
 52801 | Slime:1  | Entered Level 1 of the Pits of Slime
 54768 | Slime:5  | Entered Level 5 of the Pits of Slime
 54898 | Slime:5  | Reached skill level 25 in Fighting
 54913 | Slime:5  | Noticed the Royal Jelly
 54959 | Slime:5  | Found the +7 sceptre of Torment {pain, torment}
 55181 | Slime:5  | Reached skill level 5 in Invocations
 55742 | Slime:5  | Killed the Royal Jelly
 55743 | Slime:5  | Reached XP level 25. HP: 206/265 MP: 26/26
 55789 | Slime:5  | Got the Atlas of Relocation and Hypothermia
 55795 | Slime:5  | Identified the +6 halberd of Ragnarok {antimagic, Str+3}
 55796 | Slime:5  | Identified the +7 glaive of Dismemberment {heavy, rC+++
                  | Str+3 Dex-3}
 56076 | Slime:5  | Got a slimy rune of Zot
 56077 | Slime:5  | Identified the +3 trident "Anwes Winei" {drain, rN+ Str+3
                  | SInv}
 56078 | Slime:5  | Identified the ring "Faotsaeb" {Wiz rElec rPois rC+}
 56136 | Slime:5  | Identified the ring "Tuunnu" {+Blink Fly Will+ MP-9 Str+6}
 56154 | Slime:5  | Got Sif Muna's Cyclopedia of the Serac
 56347 | Slime:5  | Identified the +1 halberd of Avokaeth {elec, rF+++ Str+8
                  | Int-2 Dex-2}
 56631 | Depths:1 | Entered Level 1 of the Depths
 56704 | Depths:1 | Found a gateway to Hell.
 56884 | Depths:1 | Found Kekenk's Changing Room.
 56989 | Depths:1 | Found a broken altar of Ashenzari.
 57089 | Depths:1 | Found a one-way gate to the infinite horrors of the Abyss.
 57931 | Depths:2 | Found a one-way gate leading to the halls of Pandemonium.
 58653 | Depths:3 | Noticed Margery
 58660 | Depths:3 | Killed Margery
 59135 | Depths:3 | Identified the amulet "Zinki" {RegenMP Fragile +Inv rPois
                  | Slay+4}
 59198 | Depths:3 | Found a burning altar of Makhleb.
 59213 | Depths:3 | Acquired 762 gold pieces
 59232 | Depths:3 | Reached skill level 10 in Dodging
 59452 | Depths:4 | Entered Level 4 of the Depths
 59540 | Depths:4 | Found a gate to the Realm of Zot.
 59575 | Depths:4 | Found Haon's Magic Scroll Shoppe.
 59614 | Depths:4 | Found Oshrorezy's Book Shop.
 59617 | Depths:4 | Found a flickering gateway to a bazaar.
 59626 | Bazaar   | Entered a bazaar
 59777 | Bazaar   | Found Apixouro's Distillery.
 59782 | Bazaar   | Bought a potion of haste for 110 gold pieces
 59782 | Bazaar   | Bought a potion of heal wounds for 55 gold pieces
 59782 | Bazaar   | Bought a potion of mutation for 88 gold pieces
 59793 | Bazaar   | Found Uxis Louvy's Book Shoppe.
 59822 | Bazaar   | Found Zuyqish's Antique Weapon Emporium.
 59822 | Bazaar   | Found Etyupnyu's Armour Shoppe.
 59956 | Depths:4 | Bought a scroll of teleportation for 48 gold pieces
 60029 | Depths:4 | Found Zochel's Book Emporium.
 60031 | Depths:4 | Found Jitemat's Jewellery Boutique.
 60032 | Depths:4 | Found Ace Efep's Book Emporium.
 60033 | Depths:4 | Found a one-way gateway to a ziggurat.
 60038 | Depths:4 | Bought a manual of Dodging for 1120 gold pieces
 60460 | Zot:1    | Entered Level 1 of the Realm of Zot
 60549 | Zot:1    | Reached skill level 26 in Fighting
 60627 | Zot:1    | Reached XP level 26. HP: 212/278 MP: 29/29
 60830 | Zot:1    | Noticed an orb of fire
 60851 | Zot:1    | Found a radiant altar of Vehumet.
 60868 | Zot:1    | Found a transporter.
 60874 | Zot:1    | Noticed a dread lich
 61437 | Zot:1    | Killed an orb of fire
 61440 | Zot:1    | Killed a dread lich
 61634 | Zot:1    | Identified the -1 cloak "Dogawe" {Regen+}
 61663 | Zot:1    | Found a transporter.
 62309 | Zot:2    | Reached skill level 10 in Invocations
 62542 | Zot:2    | Noticed a Killer Klown
 62543 | Zot:2    | Noticed a Killer Klown
 62551 | Zot:2    | Killed a Killer Klown
 62554 | Zot:2    | Killed a Killer Klown
 62569 | Zot:2    | Noticed a Killer Klown
 62576 | Zot:2    | Killed a Killer Klown
 62580 | Zot:2    | Noticed a Killer Klown
 62602 | Zot:2    | Killed a Killer Klown
 62953 | Zot:2    | Reached skill level 27 in Fighting
 62972 | Zot:2    | Reached XP level 27. HP: 176/290 MP: 31/31
 64545 | Zot:4    | Reached skill level 15 in Dodging
 65433 | D:6      | Bought a scroll of blinking for 97 gold pieces
 65433 | D:6      | Bought a scroll of revelation for 97 gold pieces
 65727 | Zot:5    | Entered Level 5 of the Realm of Zot
 66020 | Zot:5    | Noticed an ancient lich
 66020 | Zot:5    | Noticed a dread lich
 66034 | Zot:5    | Killed a dread lich
 66057 | Zot:5    | Noticed an orb of fire
 66087 | Zot:4    | Killed an ancient lich
 66135 | Zot:5    | Killed an orb of fire
 66239 | Zot:5    | Noticed an orb of fire
 66265 | Zot:5    | Killed an orb of fire
 66469 | Zot:4    | Lost mutation: Your spells are a little easier to cast, but
                  | a little less powerful. [potion of mutation]
 66469 | Zot:4    | Gained mutation: You occasionally lose the ability to drink
                  | potions when taking damage. [potion of mutation]
 66469 | Zot:4    | Gained mutation: Your mind is acute. (Int +4, Str/Dex -1)
                  | [potion of mutation]
 66469 | Zot:4    | Gained mutation: You have hidden genetic potential. [potion
                  | of mutation]
 66470 | Zot:4    | Lost mutation: You have hidden genetic potential. [potion
                  | of mutation]
 66470 | Zot:4    | Lost mutation: Your mind is acute. (Int +4, Str/Dex -1)
                  | [potion of mutation]
 66470 | Zot:4    | Lost mutation: You occasionally lose the ability to drink
                  | potions when taking damage. [potion of mutation]
 66470 | Zot:4    | Gained mutation: You passively map a small area around you.
                  | [potion of mutation]
 66470 | Zot:4    | Gained mutation: You are weak. (Str -2) [potion of
                  | mutation]
 66470 | Zot:4    | Gained mutation: Your body sometimes deteriorates upon
                  | taking damage. [potion of mutation]
 66471 | Zot:4    | Lost mutation: You passively map a small area around you.
                  | [potion of mutation]
 66471 | Zot:4    | Lost mutation: You are weak. (Str -2) [potion of mutation]
 66471 | Zot:4    | Gained mutation: Your spells are a little harder to cast,
                  | but a little more powerful. [potion of mutation]
 66471 | Zot:4    | Gained mutation: You are frail. (-10% HP) [potion of
                  | mutation]
 66472 | Zot:4    | Lost mutation: Your body sometimes deteriorates upon taking
                  | damage. [potion of mutation]
 66472 | Zot:4    | Lost mutation: You are frail. (-10% HP) [potion of
                  | mutation]
 66472 | Zot:4    | Lost mutation: Your spells are a little harder to cast, but
                  | a little more powerful. [potion of mutation]
 66472 | Zot:4    | Gained mutation: Your mind is acute. (Int +4, Str/Dex -1)
                  | [potion of mutation]
 66472 | Zot:4    | Lost mutation: Your mind is acute. (Int +4, Str/Dex -1)
                  | [potion of mutation]
 66562 | Zot:5    | Noticed an orb of fire
 66565 | Zot:5    | Noticed an orb of fire
 66568 | Zot:5    | Noticed an orb of fire
 66570 | Zot:5    | Killed an orb of fire
 66572 | Zot:5    | Killed an orb of fire
 66579 | Zot:5    | Noticed an orb of fire
 66587 | Zot:5    | Killed an orb of fire
 66590 | Zot:5    | Noticed an orb of fire
 66592 | Zot:5    | Noticed an orb of fire
 66598 | Zot:5    | Killed an orb of fire
 66599 | Zot:5    | Noticed an orb of fire
 66599 | Zot:5    | Gained mutation: You have a pair of small horns on your
                  | head. [an orb of fire]
 66601 | Zot:5    | Killed an orb of fire
 66608 | Zot:5    | Killed an orb of fire
 66635 | Zot:5    | Gained mutation: You occasionally lose the ability to read
                  | scrolls when taking damage. [an orb of fire]
 66678 | Zot:5    | Gained mutation: Your magical capacity is low. (-10% MP)
                  | [an orb of fire]
 66679 | Zot:5    | Gained mutation: Armour fits poorly on your strangely
                  | shaped body. [an orb of fire]
 66680 | Zot:5    | Killed an orb of fire
 66998 | Zot:4    | Lost mutation: You occasionally lose the ability to read
                  | scrolls when taking damage. [potion of mutation]
 66998 | Zot:4    | Lost mutation: You have a pair of small horns on your head.
                  | [potion of mutation]
 66998 | Zot:4    | Gained mutation: You are agile. (Dex +4, Str/Int -1)
                  | [potion of mutation]
 66998 | Zot:4    | Gained mutation: You have a pair of small antennae on your
                  | head. [potion of mutation]
 66998 | Zot:4    | Gained mutation: You have large cloven feet. [potion of
                  | mutation]
 67736 | Zot:5    | Got the Orb of Zot
 68383 | D:$      | Escaped with the Orb!

Illustrated notes

Levels and vault maps discovered:
D:1:      dpeg_arrival_radiant, layout_basic
D:2:      layout_basic, minmay_rat_hole
D:3:      layout_basic, gammafunk_ghost_smash, minmay_misc_feat_diagonals,
          nrook_loot_triangle
D:4:      layout_basic, grunt_temple_overflow_open, minmay_quadrilaterals,
          uniq_menkaure
D:5:      layout_loops_ring, uniq_ijyb, uniq_eustachio
D:6:      layout_basic, lemuel_mausoleum_altar_kikubaaqudgha,
          lemuel_round_altar, mainiacjoe_overflow_tiny_flanked,
          minmay_temple_entry_trees, serial_shops, shop
D:7:      hellmonk_destroyed_diamonds, layout_loops_ring,
          nicolae_ru_great_annihilating_truth, enter_bailey_2,
          reono_crystal_passage
D:8:      layout_loops_ring
D:9:      layout_basic, mainiacjoe_overflow_alcove_1, mainiacjoe_overflow_swirl,
          nicolae_benzene_ring
D:10:     layout_cave_pools, due_lair_maze_entry_diamond,
          nicolae_transporter_intersection
D:11:     layout_roguey, hangedman_parallel_progression, uniq_grum
D:12:     layout_irregular_city, orc_0_dummy, gauntlet_entry_generic,
          minmay_circle_x
D:13:     layout_loops_ring, david_vaults_3, serial_bayou_lagoon_b
D:14:     layout_basic, kennysheep_boxes, trog_hazing_becter, uniq_lodul,
          uniq_roxanne
D:15:     gammafunk_depths_entry_grave, layout_layer_cave, minmay_statues_item,
          grunt_qazlal_sundering, uniq_rupert
Lair:1:   layout_roguey [special_room_bee], grunt_megastairs_5,
          lemuel_fruit_tree
Lair:2:   layout_regular_city, minmay_snake_entry_six_corridors
Lair:3:   layout_long_grid, nicolae_swamp_entry_spooky,
          gammafunk_ghost_berserking_beasts, st_stairs_12
Lair:4:   beast_lair_carwin_large_2, layout_regular_city, lemuel_fruit_fields,
          serial_bayou_shore_a, uniq_sonja
Lair:5:   wormcave, layout_misc_corridors, minmay_slime_entry_oklob_open,
          wad_woods_01
Swamp:1:  layout_falls_marsh, ebering_ghost_funeral_grove,
          evilmike_swamp_ruin_house_1, infiniplex_staircase_pool
Swamp:2:  layout_basic_swamp, nicolae_swamp_well_well_well
Swamp:3:  layout_basic_swamp, hangedman_swamp_ruin_hall, uniq_jorgrun
Swamp:4:  swamp, layout_basic_swamp, swamp_pool4,
          nicolae_swamp_feature_on_the_river_bank
Snake:1:  layout_grid_maze, evilmike_ambush [evilmike_ambush_outer_pillars,
          evilmike_ambush_inner_basic]
Snake:2:  layout_layer_cave, serial_shops, nicolae_shop_tiny_statue_garden,
          guppyfry_snake_island, nicolae_triple_integral, uniq_louise
Snake:3:  nicolae_snake_shooting_gallery, layout_concentric_octagons
Snake:4:  grunt_snake_rune_spirals, layout_onion, uniq_bai_suzhen, uniq_vashnia,
          uniq_donald, uniq_aizul, uniq_asterion
Slime:1:  layout_caves
Slime:2:  layout_caves
Slime:3:  layout_caves
Slime:4:  cheibrodos_slime_lost_civilization_2, layout_caves,
          nicolae_slime_phagocytosis
Slime:5:  slime_pit_nicolae_inversion
Orc:1:    layout_diamond_mine, gammafunk_ghost_stat_death, serial_shops,
          nicolae_shop_rolling_square, hangedman_minor_magic
Orc:2:    kennysheep_orc_mage_school, layout_caves, uniq_nessos, uniq_urug,
          uniq_maurice, uniq_snorg
Elf:1:    layout_loops_cross, serial_shops, nicolae_shop_tiny_glass,
          hangedman_elf_disciples, minmay_elf_annihilation
Elf:2:    nicolae_elf_blades_crystal_corner, layout_geoelf_diagonals
Elf:3:    minmay_elf_hall_dome, layout_loops_corners, dreamdust_wishing_well
Vaults:1: vaults_room_large_hall, nicolae_vaults_six-pack,
          nicolae_vaults_little_squares_5, nicolae_vaults_shock_wave, v_misc_8,
          vaults_room_fancy_cross, v_misc_1, grunt_vaults_hallway_short,
          nicolae_vaults_windows_and_doors_thing, nicolae_vaults_apartment_2,
          nicolae_vaults_little_squares_3, layout_vaults_big_room, uniq_zenata
Vaults:2: portal_desolation_entry_holy_temple, v_misc_4,
          minmay_crypt_entry_necro_gods, grunt_vaults_twisty, vaults_dpeg_cross,
          vaults_standard_mumra_x, nicolae_vaults_specimen_jars,
          ontoclasm_vaults_spin, nicolae_vaults_asterisk,
          ontoclasm_vaults_idyll, v_misc_22, hangedman_vaults_trim,
          nicolae_vaults_mini_display_case, layout_vaults_omnibox
Vaults:3: infiniplex_enter_wizlab_water, nicolae_vaults_double_plus_1,
          vaults_room_ringed_pool, nicolae_vaults_asterisk,
          nicolae_vaults_trapezoid_3, nicolae_vaults_six-pack,
          nicolae_vaults_stepped_doors, nicolae_vaults_storage_closets_1,
          layout_vaults_omnigrid, serial_shops,
          nicolae_shop_tiny_real_fake_doors, nicolae_shop_statue_plus,
          uniq_boris
Vaults:4: dpeg_vaults_monster_row, nicolae_vaults_hexular_roomagon,
          nicolae_vaults_offset_grid_hallway_4, nicolae_vaults_apartment_2,
          nicolae_vaults_steering_wheel, ontoclasm_vaults_eye,
          nicolae_vaults_closet_pinwheel_3, v_misc_18, nicolae_vaults_prndl,
          hangedman_vaults_impose, nicolae_vaults_wine_cellar,
          nicolae_vaults_statue_guard, nicolae_vaults_apartment_1,
          nicolae_vaults_house_2, layout_vaults_ring, serial_shops,
          bzr_entry_islet
Crypt:1:  layout_gridlike, corexii_leaking_fountain, hangedman_weighted_door,
          st_chilly_death, uniq_saint_roka
Crypt:2:  layout_gridlike, grunt_megastairs_1
Crypt:3:  david_glass_crypt, layout_gridlike, tomb_entry_moat_badplayer,
          hellmonk_ghost_big_iron, uniq_mennas
Depths:1: nicolae_hitomezashi [nicolae_hito_row, nicolae_hito_row,
          nicolae_hito_row, nicolae_hito_row, nicolae_hito_row,
          nicolae_hito_row, nicolae_hito_row, nicolae_hito_row,
          nicolae_hito_row, nicolae_hito_row, nicolae_hito_row,
          nicolae_hito_row, nicolae_hito_row, nicolae_hito_row,
          nicolae_hito_row, nicolae_hito_row, nicolae_hito_row,
          nicolae_hito_row], layout_long_grid, minmay_room_of_horrors,
          hell_entry, minmay_holes, nicolae_transmutations_shop,
          nicolae_ashenzari_panopticon
Depths:2: dreamdust_experimentation, layout_honeycomb, grunt_pan_entry_spiral,
          hell_entry, chequers_serial_rivers_large_b,
          roderic_lattice_octagonal_star, serial_bayou_shore_b
Depths:3: nicolae_cairo_tiling, layout_basic, pf_vacation_house_of_asmodeus,
          rand_demon_pan_entry_3, minmay_curled_crystal, abyss_entry,
          makhleb_altar_promises_db, uniq_margery
Depths:4: grunt_zot_entry_funnels, layout_cave_pools, enter_ziggurat_e,
          serial_sigils_hangedman_stare, grunt_hell_entry_dis_old, serial_shops,
          bzr_entry_customers, nicolae_shop_just_a_little_nook,
          nicolae_shop_tiny_statue_garden, minmay_shop_grove
Zot:1:    gammafunk_sealed_library, layout_gridlike
Zot:2:    cheibrodos_zot_enchanting_chambers, layout_misc_corridors,
          zot_minivault_1, grunt_megastairs_3
Zot:3:    layout_misc_corridors, st_stairs_4
Zot:4:    layout_gridlike, st_stairs_7, grunt_ministairs_2
Zot:5:    layout_misc_corridors

Skill      XL: |  1  2  3  4  5  6  7  8  9 10 11 12 13 14 15 16 17 18 19 20 21 22 23 24 25 26 27 |
---------------+----------------------------------------------------------------------------------+-----
Unarmed Combat | 2 5 8 11 13 15 17 18 19 20 21 22 23 24 | 24.2
Shapeshifting  | 4 5 6 8 9 11 13 15 17 19 21 22 23 24 25 | 25.1
Fighting       | 6 11 13 14 16 18 19 20 21 23 24 25 26 27 | 27.0
Dodging        | 3 6 8 9 10 13 17 | 17.0
Armour         | 3 6 8 9 11 | 11.2
Invocations    | 5 8 11 14 | 14.9

Action                     |  1- 3 |  4- 6 |  7- 9 | 10-12 | 13-15 | 16-18 | 19-21 | 22-24 | 25-27 || total
---------------------------+-------+-------+-------+-------+-------+-------+-------+-------+-------++-------
  Melee: Unarmed           |   110 |    57 |   143 |   509 |   736 |   716 |   823 |  1054 |   857 ||  5005
         Tailslap          |     7 |     6 |    11 |    57 |    84 |    31 |       |       |       ||   196
         Bite              |     4 |     2 |     5 |    53 |    49 |    22 |       |       |       ||   135
         Punch             |       |       |     3 |     7 |    39 |    55 |   111 |   172 |   117 ||   504
 Invoke: Recall Ancestor   |       |       |     1 |       |       |     1 |     2 |     3 |       ||     7
         Ancestor Life: Kn |       |       |       |     1 |       |       |       |       |       ||     1
         Idealise          |       |       |       |       |       |       |     1 |       |       ||     1
Ability: Begin Untransform |     1 |       |       |       |       |       |       |       |       ||     1
         Breathe Fire      |       |       |     1 |     1 |     2 |     3 |       |       |       ||     7
         Evoke Blink       |       |       |       |       |       |       |     1 |       |       ||     1
         Siphon Essence    |       |       |       |       |       |       |       |       |     1 ||     1
         Blinkbolt         |       |       |       |       |       |       |       |       |     1 ||     1
  Evoke: Wand              |       |       |       |     2 |       |     1 |       |     3 |       ||     6
    Use: Potion            |     2 |       |     2 |     3 |       |     1 |       |     4 |     9 ||    21
         Scroll            |       |       |       |    18 |     5 |     8 |     7 |     6 |     5 ||    49
   Stab: Paralysed         |       |       |       |     1 |       |       |       |       |       ||     1
         Distracted        |       |       |       |     2 |     2 |     8 |    12 |    13 |    12 ||    49
         Sleeping          |       |       |       |       |       |     4 |       |       |       ||     4
         Confused          |       |       |       |       |       |       |     1 |       |       ||     1
 Armour: Animal skin       |    21 |       |       |       |       |       |       |       |       ||    21
         Skin              |    38 |    32 |   111 |   296 |   406 |   584 |   719 |   955 |   107 ||  3248
         Troll leather arm |       |       |       |       |       |       |       |    72 |       ||    72
         Fire dragon scale |       |       |       |       |       |       |       |       |    56 ||    56
  Dodge: Dodged            |    63 |    13 |    67 |   222 |   441 |   907 |   961 |  1139 |  1005 ||  4818
   Form: Dragon            |     1 |       |       |       |     2 |     3 |       |       |       ||     6
                           |       |       |       |       |     2 |     1 |       |       |     1 ||     4
         Statue            |       |       |       |       |       |     4 |     1 |       |       ||     5
         Maw               |       |       |       |       |       |     1 |       |       |       ||     1
         Storm             |       |       |       |       |       |       |     1 |     1 |     3 ||     5
         Anaconda          |       |       |       |       |       |       |     1 |       |       ||     1
         Death             |       |       |       |       |       |       |       |     1 |     2 ||     3

Table legend: (Time is in decaauts)
 A = Elapsed time spent in this place.
 B = Non-inter-level travel time spent in this place.
 C = Inter-level travel time spent in this place.
 D = Time resting spent in this place.
 E = Time spent auto-exploring this place.
 F = Levels seen in this place.
 G = Mean time per level.
                   A        B        C        D        E       F      G
               +--------+--------+--------+--------+--------+-----+--------+
         Total |  78796 |  73120 |   5676 |   8069 |  50731 |  61 | 1291.7 |
       Dungeon |  16500 |  14602 |   1898 |    816 |  11151 |  15 | 1100.0 |
          Lair |   8821 |   7830 |    991 |   1493 |   5269 |   5 | 1764.2 |
         Swamp |   3273 |   3022 |    251 |      0 |   2461 |   4 |  818.2 |
     Snake Pit |   7556 |   7315 |    241 |    799 |   5046 |   4 | 1889.0 |
    Slime Pits |   3544 |   3291 |    253 |    500 |   1985 |   5 |  708.8 |
  Orcish Mines |   2880 |   2620 |    260 |    638 |   1417 |   2 | 1440.0 |
   Elven Halls |   5380 |   5235 |    145 |   1062 |   3094 |   3 | 1793.3 |
        Vaults |   8592 |   8112 |    480 |     13 |   6499 |   4 | 2148.0 |
         Crypt |   5942 |   5586 |    356 |   1256 |   3210 |   3 | 1980.7 |
        Depths |   3764 |   3439 |    325 |      0 |   2966 |   4 |  941.0 |
           Zot |   6817 |   6346 |    471 |   1065 |   4103 |   5 | 1363.4 |
         Abyss |    447 |    447 |      0 |      0 |    307 |   1 |  447.0 |
        Bazaar |    383 |    383 |      0 |      0 |    266 |   2 |  191.5 |
        Bailey |    502 |    502 |      0 |      0 |    329 |   1 |  502.0 |
        Wizlab |   1501 |   1501 |      0 |     40 |   1045 |   1 | 1501.0 |
    Desolation |   1667 |   1667 |      0 |     30 |    877 |   1 | 1667.0 |
      Gauntlet |   1220 |   1220 |      0 |    355 |    701 |   1 | 1220.0 |
               +--------+--------+--------+--------+--------+-----+--------+

Top non-repeatable levels by time:
  Lair:2: 2918 daAuts
   Elf:2: 2491 daAuts
Vaults:1: 2392 daAuts
 Snake:3: 2391 daAuts
Vaults:4: 2223 daAuts
 Snake:4: 2134 daAuts
 Crypt:3: 2126 daAuts
Vaults:2: 2038 daAuts
 Crypt:2: 1947 daAuts
Vaults:3: 1939 daAuts
 Crypt:1: 1868 daAuts
 Snake:2: 1803 daAuts
   Zot:1: 1793 daAuts
   Elf:3: 1792 daAuts
    D:15: 1779 daAuts
